 Dungeon Sprint DCSS version 0.20.1-1-g8b1a95d (webtiles) character file.

9457 Dyss the Grappler (level 11, -9/186 HPs)
             Began as a Troll Berserker on July 29, 2017.
             Was the Champion of Trog.
             Mangled by a lorocyproca (15 damage)
             ... in the Dungeon (Sprint I: "Red Sonja").
             The game lasted 00:12:58 (1249 turns).

Dyss the Grappler (Troll Berserker)                 Turns: 1249, Time: 00:12:59

Health: -9/186     AC:  8    Str: 35    XL:     11   Next: 23%
Magic:  0/10       EV: 15    Int:  6    God:    Trog [******]
Gold:   211        SH: 12    Dex:  9    Spells: 10/10 levels left

rFire    . . .     SeeInvis .     - Unarmed
rCold    . . .     Gourm    +   o - +0 shield
rNeg     . . .     Faith    .   l - +0 robe {MR+}
rPois    +         Spirit   .   (helmet restricted)
rElec    .         Reflect  .   (no cloak)
rCorr    +         Harm     .   (gloves unavailable)
MR       +....     NoTele   +   (boots unavailable)
Stlth    ..........             (no amulet)
Regen    0.9/turn               r - ring of Oligg {rCorr rPois Int+3 Stlth+}
MPRegen  0.2/turn               q - +3 ring of protection

@: berserking, very quick
A: unfitting armour, claws 3, fast metabolism 3, gourmand, regeneration 1,
shaggy fur 1, tough skin 2
a: Berserk, Trog's Hand, Brothers in Arms, Burn Spellbooks, Renounce Religion


You were in the Dungeon.
You worshipped Trog.
Trog was exalted by your worship.
You were full.

You visited 1 branch You collected 1088 gold pieces.
You spent 877 gold pieces at shops.

Inventory:

Armour
 a - a +0 animal skin
 l - a +0 robe of magic resistance (worn)
 o - a +0 shield (worn)
Jewellery
 q - a +3 ring of protection (right claw)
 r - the ring of Oligg (left claw) {rCorr rPois Int+3 Stlth+}
   (You bought it in a shop in the Dungeon)

   [ring of resist corrosion]

   It affects your intelligence (+3).
   It protects you from poison.
   It makes you more stealthy.
Wands
 n - a wand of lightning (6/15)
Scrolls
 h - a scroll of blinking
 k - 3 scrolls of identify {unknown}
Potions
 c - a potion of curing
 d - 4 potions of heal wounds
 e - a potion of haste
 f - 2 potions of magic
 g - a potion of berserk rage
 i - a potion of might
 m - a potion of lignification {unknown}
 p - 2 potions of flight {unknown}
Comestibles
 b - 2 bread rations
 j - 2 royal jellies


   Skills:
 - Level 12.7 Fighting
 - Level 12.8 Dodging
 + Level 8.6 Shields
 - Level 14.8 Unarmed Combat


You had 10 spell levels left.
You didn't know any spells.

Dungeon Overview and Level Annotations

Branches:
Dungeon (1/1)

Altars:
Cheibriados
Dithmenos
Elyvilon
Fedhas
Gozag
Hepliaklqana
Kikubaaqudgha
Makhleb
Nemelex Xobeh
Okawaru
Qazlal
Ru
Sif Muna
Trog
Uskayaw
Vehumet
Xom
Yredelemnul
Zin
The Shining One
Jiyva
Lugonu

Shops:
D !((?:[?!%*%[=![*


Innate Abilities, Weirdness & Mutations

You are too large for most types of armour.
You have claws for hands.
Your metabolism is lightning-fast.
You like to eat raw meat.
Your natural rate of healing is unusually fast.
You are covered in fur. (AC +1)
You have very tough skin. (AC +2)


Message History

Deactivating autopickup; reactivate with Ctrl-A.
You closely miss something. You scratch something but do no damage.
Something hits you!!!
You feel your power leaking away.
The meliai mumbles some strange prayers to its god against you.
Something smites you!
A red film seems to cover your vision as you go berserk!
You feel yourself moving faster!
You feel mighty!
You feel a lot less full. Something hits you!!
* * * LOW HITPOINT WARNING * * *
You miss something. Something hits you but does no damage.
You miss something. You miss something. Something hits you!
* * * LOW HITPOINT WARNING * * *
You closely miss something. You scratch something. Something hits you!
* * * LOW HITPOINT WARNING * * *
You claw something! You claw something! Something hits you!
You die...

#############################
#__#..')..#(.#§.§§§.§.§..'D$#
'..'..#)..##'#§####§§§§§##$.+
#__####...'..#§# ##..§## ##
####§)#####..+§#+#$###+#
#≈≈§§§#..##)####^.$#y#
§≈§§§§'..#.^§§§#@.$###
#§§§§.#..#.§^§§'.{$$$#
##'#####'###§§.#^....#
#.§.[###.'.#§§.###++##
##'###(###.#..##
.....'.∩##§#..#
##########§##+# #.......##.#
#.......§§.#


You could see a meliai.

Vanquished Creatures
  2 centaur warriors (D)
  2 unseen horrors (D)
  A deep troll (D)
  A lindwurm (D)
  An oklob plant (D)
  A gargoyle (D)
  2 kobold demonologists (D)
  4 demonic crawlers (D)
  A hornet (D)
  A slime creature (D)
  Sigmund (D)
  2 redbacks (D)
  13 hogs (D)
  A yak (D)
  3 floating eyes (D)
  An ogre (D)
  7 necrophages (D)
  8 jellies (D)
  Ijyb (D)
53 creatures vanquished.

Vanquished Creatures (others)
  A gargoyle (D)
1 creature vanquished.

Grand Total: 54 creatures vanquished

Notes
Turn   | Place    | Note
-------+----------+-------------------------------------------
     0 | D        | Dyss the Troll Berserker began the quest for the Orb.
     0 | D        | Reached XP level 1. HP: 22/22 MP: 0/0
     2 | D        | Noticed Ijyb
    12 | D        | Killed Ijyb
    12 | D        | Reached skill level 4 in Unarmed Combat
    12 | D        | Reached XP level 2. HP: 27/31 MP: 1/1
    15 | D        | Noticed an ogre
    21 | D        | Killed an ogre
    21 | D        | Reached skill level 5 in Fighting
    21 | D        | Reached skill level 5 in Dodging
    21 | D        | Reached skill level 6 in Unarmed Combat
    21 | D        | Reached XP level 3. HP: 15/42 MP: 2/2
    21 | D        | Reached XP level 4. HP: 18/50 MP: 3/3
    86 | D        | Noticed Sigmund
    99 | D        | Killed Sigmund
    99 | D        | Reached ** piety under Trog
    99 | D        | Reached skill level 7 in Unarmed Combat
    99 | D        | Reached XP level 5. HP: 12/61 MP: 4/4
    99 | D        | Reached XP level 6. HP: 13/68 MP: 5/5
   127 | D        | Killed a gargoyle
   204 | D        | Found a deep blue altar of Sif Muna.
   206 | D        | Found a radiant altar of Vehumet.
   209 | D        | Reached skill level 8 in Unarmed Combat
   233 | D        | Found Mudoup's Distillery.
   233 | D        | Found an ancient bone altar of Kikubaaqudgha.
   233 | D        | Found a hazy altar of Hepliaklqana.
   233 | D        | Found a hide-covered altar of Uskayaw.
   233 | D        | Found a basalt altar of Yredelemnul.
   233 | D        | Found an opulent altar of Gozag.
   233 | D        | Found a snail-covered altar of Cheibriados.
   233 | D        | Found a sacrificial altar of Ru.
   233 | D        | Found a shadowy altar of Dithmenos.
   233 | D        | Noticed a yak
   241 | D        | Killed a yak
   241 | D        | Reached skill level 9 in Unarmed Combat
   242 | D        | Found a stormy altar of Qazlal.
   242 | D        | Found a blossoming altar of Fedhas.
   242 | D        | Found a bloodstained altar of Trog.
   242 | D        | Found an iron altar of Okawaru.
   242 | D        | Found a glowing golden altar of the Shining One.
   242 | D        | Found a glowing silver altar of Zin.
   242 | D        | Found a white marble altar of Elyvilon.
   274 | D        | Found a sparkling altar of Nemelex Xobeh.
   278 | D        | Bought a potion of heal wounds for 50 gold pieces
   278 | D        | Bought a potion of might for 40 gold pieces
   278 | D        | Bought a potion of heal wounds for 50 gold pieces
   288 | D        | Found a viscous altar of Jiyva.
   288 | D        | Found a corrupted altar of Lugonu.
   288 | D        | Noticed a slime creature
   289 | D        | Found a burning altar of Makhleb.
   289 | D        | Found a shimmering altar of Xom.
   293 | D        | Killed a slime creature
   293 | D        | Reached *** piety under Trog
   293 | D        | Reached XP level 7. HP: 51/80 MP: 6/6
   358 | D        | Noticed a kobold demonologist
   359 | D        | Noticed a kobold demonologist
   360 | D        | Reached skill level 10 in Unarmed Combat
   362 | D        | Noticed an orange demon
   363 | D        | Killed a kobold demonologist
   371 | D        | Killed a kobold demonologist
   371 | D        | Reached **** piety under Trog
   371 | D        | Reached skill level 11 in Unarmed Combat
   371 | D        | Reached XP level 8. HP: 88/92 MP: 7/7
   391 | D        | Noticed a demonic crawler
   391 | D        | Noticed a demonic crawler
   391 | D        | Noticed a demonic crawler
   391 | D        | Noticed a demonic crawler
   395 | D        | Killed a demonic crawler
   400 | D        | Killed a demonic crawler
   400 | D        | Reached skill level 10 in Dodging
   405 | D        | Killed a demonic crawler
   405 | D        | Reached skill level 10 in Fighting
   405 | D        | Reached skill level 12 in Unarmed Combat
   405 | D        | Reached XP level 9. HP: 46/101 MP: 8/8
   408 | D        | Killed a demonic crawler
   501 | D        | Noticed a lindwurm
   507 | D        | Killed a lindwurm
   507 | D        | Reached ***** piety under Trog
   535 | D        | Received a gift from Trog
   537 | D        | Reached skill level 13 in Unarmed Combat
   555 | D        | Reached XP level 10. HP: 114/114 MP: 9/9
   564 | D        | Received a gift from Trog
   631 | D        | Noticed a gargoyle
   637 | D        | Killed a gargoyle
   637 | D        | Reached skill level 14 in Unarmed Combat
   682 | D        | Noticed a centaur warrior
   682 | D        | Noticed a centaur warrior
   714 | D        | Killed a centaur warrior
   717 | D        | Killed a centaur warrior
   802 | D        | Noticed a deep troll
   805 | D        | Killed a deep troll
   805 | D        | Reached ****** piety under Trog
   822 | D        | Found Zecreuv's Armour Emporium.
   827 | D        | Bought a +0 shield for 63 gold pieces
   851 | D        | Noticed an oklob plant
   855 | D        | Killed an oklob plant
   892 | D        | Paralysed by a floating eye for 2 turns
   895 | D        | Received a gift from Trog
   910 | D        | Reached skill level 5 in Shields
   913 | D        | Reached XP level 11. HP: 121/124 MP: 10/10
   917 | D        | Received a gift from Trog
   937 | D        | Killed an unseen horror
   943 | D        | Killed an unseen horror
  1076 | D        | Received a gift from Trog
  1114 | D        | Found Tevuf's Jewellery Boutique.
  1114 | D        | Found Fizoc's General Store.
  1114 | D        | Found Uwo Qai's Distillery.
  1116 | D        | Found Oduxox's Armour Boutique.
  1116 | D        | Found Keirann's Food Shoppe.
  1116 | D        | Found Gitt's Assorted Antiques.
  1116 | D        | Found Soatuog's Food Emporium.
  1116 | D        | Found Ajakucle's Distillery.
  1116 | D        | Found Vuriorr's Magic Scroll Shoppe.
  1116 | D        | Found Uqur's Antique Armour Shop.
  1119 | D        | Found Xaroi's Book Emporium.
  1120 | D        | Found Ungeelei's Magic Scroll Boutique.
  1120 | D        | Found Vytsoss's Weapon Shoppe.
  1121 | D        | Found Peixamis's Antique Weapon Shop.
  1145 | D        | Bought a +3 ring of protection for 231 gold pieces
  1145 | D        | Bought the ring of Oligg {rCorr rPois Int+3 Stlth+} for 443 gold pieces
  1206 | D        | Noticed a 12-headed hydra
  1247 | D        | HP: 5/186 [something (15)]
  1249 | D        | Mangled by a lorocyproca

Skill      XL: |  1  2  3  4  5  6  7  8  9 10 11 |
---------------+----------------------------------+-----
Fighting       | 3 5 6 8 9 10 11 12 | 12.7
Dodging        | 3 5 6 8 9 10 11 12 | 12.8
Unarmed Combat | 4 6 7 9 11 12 13 14 | 14.8
Shields        | 5 8 |  8.6

Action                   |  1- 3 |  4- 6 |  7- 9 | 10-12 || total
-------------------------+-------+-------+-------+-------++-------
Melee: Unarmed           |    14 |    24 |    50 |    89 ||   177
       Punch             |       |       |     1 |     5 ||     6
Invok: Berserk           |       |       |     3 |     3 ||     6
       Trog's Hand       |       |       |     1 |     2 ||     3
 Stab: Sleeping          |     1 |       |       |       ||     1
  Eat: Chunk             |       |     4 |     3 |    12 ||    19
Armor: Animal skin       |       |     1 |     3 |       ||     4
       Robe              |       |       |    11 |     9 ||    20
Dodge: Dodged            |     6 |     8 |    20 |    29 ||    63
